 Dungeon Crawl Stone Soup version 0.23.2-30-g0e89c35649 (webtiles) character file.

Game seed: 12133022411721900917

226 Descartes the Shield-Bearer (level 6, -2/48 HPs)
             Began as a Formicid Fighter on June 6, 2019.
             Slain by Grinder (4 damage)
             ... on level 3 of the Dungeon.
             The game lasted 00:05:09 (2237 turns).

Descartes the Shield-Bearer (Formicid Fighter)      Turns: 2237, Time: 00:05:10

Health: -2/48      AC: 13    Str: 25    XL:     6   Next: 21%
Magic:  6/6        EV:  6    Int:  8    God:
Gold:   82         SH: 10    Dex: 12    Spells: 5/5 levels left

rFire    . . .     SeeInvis +   a - +0 war axe
rCold    . . .     Gourm    .   c - +0 shield
rNeg     . . .     Faith    .   k - +0 plate armour
rPois    .         Spirit   .   (helmet unavailable)
rElec    .         Reflect  .   (no cloak)
rCorr    .         Harm     .   A - +0 pair of gloves
MR       .....                  (no boots)
Stlth    ..........             (no amulet)
HPRegen  0.16/turn              (no ring)
MPRegen  0.10/turn              (no ring)

@: mighty
A: permanent stasis, dig shafts and tunnels, four strong arms, antennae 3
a: Dig, Shaft Self


You were on level 3 of the Dungeon.
You were not hungry.

You visited 1 branch of the dungeon, and saw 3 of its levels.

You collected 82 gold pieces.

Inventory:

Hand Weapons
 a - a +0 war axe (weapon)
 u - a +0 whip
Missiles
 l - 111 stones (quivered)
 m - 6 needles of sleeping
 p - 89 arrows
 t - 21 poisoned needles
Armour
 c - a +0 shield (worn)
 k - a +0 plate armour (worn)
 A - a +0 pair of gloves (worn)
Scrolls
 g - a scroll of random uselessness {unknown}
 h - a scroll of remove curse {unknown}
 i - a scroll of amnesia {unknown}
 j - 4 scrolls of teleportation {unknown}
 q - 2 scrolls of identify {unknown}
 s - a scroll of fog {unknown}
 v - 2 scrolls of magic mapping {unknown}
 y - a scroll of enchant weapon {unknown}
Potions
 b - 2 potions of flight {unknown}
 e - a potion of brilliance {unknown}
 n - a potion of cancellation {unknown}
 o - a potion of ambrosia {unknown}
 r - a potion of mutation {unknown}
 w - a potion of curing {unknown}
 x - a potion of resistance {unknown}
 z - 2 potions of agility {unknown}
Comestibles
 f - 6 rations
 B - 2 chunks of flesh


   Skills:
 + Level 4.1 Fighting
 + Level 3.0 Axes
 + Level 4.1 Armour
 + Level 1.6 Dodging
 * Level 5.5 Shields


You had 5 spell levels left.
You didn't know any spells.
Your spell library was empty.

Dungeon Overview and Level Annotations

Branches:
Dungeon (3/15)

Altars:
Hepliaklqana
Nemelex Xobeh
Qazlal
Vehumet
Zin

Annotations:
D:3 Grinder


Innate Abilities, Weirdness & Mutations

You cannot be hasted, slowed, berserked, paralysed or teleported.
You can dig through walls and to a lower floor.
Your four strong arms can wield two-handed weapons with a shield.
You have a pair of large antennae on your head. (SInv)


Message History

You hit Grinder.
Grinder is heavily wounded.
You block Grinder's attack. Grinder hits you.
* * * LOW HITPOINT WARNING * * *
You writhe in agony.
* * * LOW HITPOINT WARNING * * *
You feel very mighty all of a sudden.
Grinder blinks!
The adder bites you but does no damage. You block the adder's attack.
There is an open door here.
You slice the adder!!
You kill the adder!
Your Axes skill increases to level 3!
Grinder zaps a wand.
The puff of flame hits you.
* * * LOW HITPOINT WARNING * * *
Grinder gestures at you. You resist with some effort.
Found a cloak.
Grinder hits you.
You die...

........# .........#
.........# #.##.#
.[.......# #.#.#...
.........# #.#.#..#
.........#####.#.#..
.....>..†'[..#.#.#..
.........###.#.#.#.#
.......@.# #.#.#.#.#
.......5.###.#.#.#.#####
........(...............
#...#+#######..#.#......
#.. #..#.....÷.. #.
#..########. # #... ...
###.# ###. .. #.


You could see Grinder.

Vanquished Creatures
  A phantom (D:3)
  3 gnolls (D:2)
  4 adders
  An ooze (D:3)
  A worm (D:2)
  2 dart slugs
  A leopard gecko (D:3)
  5 orcs (D:3)
  5 bats
  3 goblins
  8 hobgoblins
  2 jackals (D:3)
  5 kobolds
  2 quokkas
  3 ball pythons
  3 frilled lizards
  8 rats
57 creatures vanquished.

Notes
Turn   | Place    | Note
-------+----------+-------------------------------------------
     0 | D:1      | Descartes the Formicid Fighter began the quest for the Orb.
     0 | D:1      | Reached XP level 1. HP: 18/18 MP: 1/1
   226 | D:1      | Reached XP level 2. HP: 24/24 MP: 2/2
   233 | D:1      | You fall through a shaft!
   365 | D:1      | Reached skill level 4 in Shields
   578 | D:1      | Reached XP level 3. HP: 29/29 MP: 3/3
   892 | D:2      | Reached XP level 4. HP: 21/37 MP: 4/4
   897 | D:2      | Reached skill level 1 in Dodging
  1485 | D:2      | Found a hazy altar of Hepliaklqana.
  1667 | D:2      | Found a sparkling altar of Nemelex Xobeh.
  1756 | D:2      | Found a glowing silver altar of Zin.
  1756 | D:2      | Found a radiant altar of Vehumet.
  1822 | D:3      | Found a stormy altar of Qazlal.
  1905 | D:3      | Reached XP level 5. HP: 42/42 MP: 5/5
  1942 | D:3      | Noticed a phantom
  1987 | D:3      | Killed a phantom
  1987 | D:3      | Reached skill level 5 in Shields
  1987 | D:3      | Reached XP level 6. HP: 26/48 MP: 6/6
  2218 | D:3      | Noticed Grinder
  2235 | D:3      | HP: 2/48 [Grinder/wand of flame (9) (4)]
  2237 | D:3      | Slain by Grinder

Skill      XL: |  1  2  3  4  5  6 |
---------------+-------------------+-----
Shields        | 4 5 |  5.5
Dodging        | 1 |  1.6
Fighting       | 4 |  4.1
Armour         | 4 |  4.1
Axes           | 3 |  3.0

Action                   |  1- 3 |  4- 6 || total
-------------------------+-------+-------++-------
Melee: War axe           |   128 |   109 ||   237
 Abil: Dig               |       |     2 ||     2
  Use: Potion            |       |     1 ||     1
  Eat: Chunk             |       |     6 ||     6
Armor: Plate armour      |    84 |    60 ||   144
       Scale mail        |     4 |       ||     4
Dodge: Dodged            |    35 |    15 ||    50
Block: Shield            |    81 |    72 ||   153
